 Dungeon Crawl Stone Soup version 0.20-a0-441-g89e74e4 (webtiles) character file.

408 M4edhros the Insei (level 6, -8/38 HPs)
             Began as an Octopode Necromancer on Jan 6, 2017.
             Mangled by a two-headed ogre
             ... wielding a +0 giant club
              (17 damage)
             ... on level 5 of the Dungeon.
             The game lasted 00:05:04 (965 turns).

M4edhros the Insei (Octopode Necromancer)            Turns: 965, Time: 00:05:06

Health: -8/38      AC:  1    Str:  7    XL:     6   Next: 88%
Magic:  4/9        EV: 19    Int: 18    God:
Gold:   70         SH:  0    Dex: 19    Spells: 4/9 levels left

rFire  . . .     SeeInvis .       - Unarmed
rCold  . . .     Gourm    .     (no shield)
rNeg   . . .     Faith    .     (helmet restricted)
rPois  .         Spirit   .     (no amulet)
rElec  .         Reflect  .     (no ring)
rCorr  .         Harm     .     (no ring)
MR     .....                    (no ring)
Stlth  ++++......               (no ring)
                                (no ring)
                                (no ring)
                                (no ring)
                                (no ring)

@: agile, regenerating (expiring)
A: almost no armour, stealthy swim, amphibious, 8 rings, constrict 8, camouflage
1, blink, gelatinous body 1
a: Blink


You were on level 5 of the Dungeon.
You were hungry.

You visited 1 branch of the dungeon, and saw 5 of its levels.

You collected 70 gold pieces.

Inventory:

Hand Weapons
 e - a cursed -3 scythe
 j - a +1 quarterstaff of holy wrath
Scrolls
 c - 2 scrolls of teleportation {unknown}
 f - a scroll of identify {unknown}
 g - 2 scrolls of blinking {unknown}
 h - 2 scrolls of recharging {unknown}
 l - a scroll of enchant armour {unknown}
 m - a scroll of remove curse {unknown}
Books
 a - a book of Necromancy

   Spells                             Type                      Level
   a - Pain                           Necromancy                   1
   b - Animate Skeleton               Necromancy                   1
   c - Vampiric Draining              Necromancy                   3
   d - Regeneration                   Charms/Necromancy            3
   e - Animate Dead                   Necromancy                   4
   f - Control Undead                 Necromancy                   4
Comestibles
 b - 2 bread rations


   Skills:
 + Level 1.0 Fighting
 + Level 2.2 Dodging
 - Level 2.6 Stealth
 + Level 6.5 Unarmed Combat
 - Level 2.0 Spellcasting
 - Level 4.0 Necromancy


You had 4 spell levels left.
You knew the following spells:

 Your Spells              Type           Power        Failure   Level  Hunger
a - Pain                  Necr           ###.         3%          1    #......
b - Animate Skeleton      Necr           N/A          3%          1    #......
c - Regeneration          Chrm/Necr      #.........   24%         3    ###....


Dungeon Overview and Level Annotations

Branches:
Dungeon (5/15)
 Temple: D:4-7

Altars:
Gozag
Sif Muna
Trog


Innate Abilities, Weirdness & Mutations

You cannot wear most types of armour.
You are very stealthy in the water. (Stealth+)
You are amphibious.
You can wear up to eight rings at the same time.
You can use your tentacles to constrict eight enemies at once.
Your skin changes colour to match your surroundings (Stealth+).
Your rubbery body absorbs attacks. (AC +1, EV +1)
You can translocate small distances at will.


Message History

Confirm with . or Enter, or press ? or * to list all spells.
Your skin crawls.
You are feeling hungry.
Your skin is crawling a little less now.
Your skin stops crawling.
Casting: Regeneration
Confirm with . or Enter, or press ? or * to list all spells.
Your skin crawls.
The two-headed ogre misses you.
The two-headed ogre hits you with a giant club!
Your skin is crawling a little less now.
You tentacle-slap the two-headed ogre.
The two-headed ogre is moderately wounded.
The two-headed ogre closely misses you.
The two-headed ogre hits you with a giant club.
You tentacle-slap the two-headed ogre.
The two-headed ogre is heavily wounded.
The two-headed ogre hits you with a giant club!
* * * LOW HITPOINT WARNING * * *
The two-headed ogre hits you with a giant club!
You die...

##...#######.....###...####
#....#.....#.......#....#
#....'.............#....#
##..##.....#########....#
##..##.....##.....##....#
#..................'....#
#...#####+###.....##'########
##..##.....##O....##..###...##
##'###.....##@....##...#.<...#
#...#..............#...#.....#
#...'..............#...#.....#
#...#..............#...#.....#
#...#.........[...##..###..###
##..##.....##.....##..###..###
###########......#.....'.†...
#......##....#.....
########....##..##.


You could see a two-headed ogre.

Vanquished Creatures
  Sigmund (D:2)
  A crimson imp (D:4)
  2 orc priests (D:3)
  Terence (D:2)
  An orc wizard (D:3)
  A worker ant (D:4)
  2 hound skeletons (D:4)
  2 adders
  An adder skeleton (D:4)
  A dart slug (D:2)
  5 orcs (D:3)
  3 giant cockroaches
  A goblin (D:3)
  5 hobgoblins
  6 jackals
  A quokka (D:5)
  4 bats
  2 frilled lizards (D:2)
  2 kobolds
  3 rats
45 creatures vanquished.

Notes
Turn   | Place    | Note
-------+----------+-------------------------------------------
     0 | D:1      | M4edhros the Octopode Necromancer began the quest for the Orb.
     0 | D:1      | Reached XP level 1. HP: 11/11 MP: 3/3
    41 | D:1      | Reached skill level 1 in Unarmed Combat
    57 | D:1      | Reached XP level 2. HP: 8/17 MP: 1/5
   150 | D:2      | Reached skill level 2 in Unarmed Combat
   188 | D:2      | Noticed Terence
   225 | D:2      | Noticed Sigmund
   243 | D:2      | Killed Terence
   243 | D:2      | Reached skill level 3 in Unarmed Combat
   243 | D:2      | Reached XP level 3. HP: 1/21 MP: 6/6
   246 | D:2      | Learned a level 1 spell: Animate Skeleton
   251 | D:2      | Learned a level 3 spell: Regeneration
   264 | D:2      | Gained mutation: You can translocate small distances at will. [potion of mutation]
   264 | D:2      | Gained mutation: Your flesh is heat resistant. (rF+) [potion of mutation]
   264 | D:2      | Gained mutation: Your mind is acute. (Int +2) [potion of mutation]
   280 | D:2      | Killed Sigmund
   280 | D:2      | Reached skill level 5 in Unarmed Combat
   280 | D:2      | Reached XP level 4. HP: 17/27 MP: 2/7
   280 | D:2      | Reached XP level 5. HP: 20/31 MP: 2/8
   419 | D:2      | Found a deep blue altar of Sif Muna.
   473 | D:3      | Reached XP level 6. HP: 35/36 MP: 9/9
   480 | D:3      | Found an opulent altar of Gozag.
   512 | D:3      | Found a bloodstained altar of Trog.
   521 | D:3      | Reached skill level 6 in Unarmed Combat
   816 | D:4      | Reached skill level 1 in Fighting
   824 | D:5      | Entered Level 5 of the Dungeon
   936 | D:5      | Noticed a two-headed ogre
   941 | D:5      | Lost mutation: Your mind is acute. (Int +2) [potion of cure mutation]
   941 | D:5      | Lost mutation: Your flesh is heat resistant. (rF+) [potion of cure mutation]
   965 | D:5      | Mangled by a two-headed ogre

Vault maps used:
D:1:      lightli_arrival_noodles
D:2:      lemuel_blue_sif_altar, serial_forest, infiniplex_forest_lined_1,
          infiniplex_forest_clump_small, infiniplex_forest_clump_diagonal,
          infiniplex_forest_end_3, infiniplex_forest_lined_room_3,
          infiniplex_forest_lined_ring, uniq_terence, uniq_sigmund,
          uniq_crazy_yiuf_cottage
D:3:      good_gods_temple_1, overflow_temple_1_default, bloody_trog,
          first_bread, st_stairs_11, minivault_14
D:4:      corexii_shack
D:5:      gammafunk_temple_overflow_wave, grunt_dithmenos_smoke

Skill      XL: |  1  2  3  4  5  6 |
---------------+-------------------+-----
Unarmed Combat | 1 3 5 6 |  6.5
Fighting       | 1 |  1.0
Dodging        | |  2.2
Stealth        | |  2.6
Spellcasting   | |  2.0
Necromancy     | |  4.0

Action                   |  1- 3 |  4- 6 || total
-------------------------+-------+-------++-------
Melee: Unarmed           |    28 |    80 ||   108
       Constrict         |     9 |    18 ||    27
       Tentacles         |     4 |    20 ||    24
       Punch             |       |     3 ||     3
 Cast: Pain              |    12 |     1 ||    13
       Regeneration      |     2 |    13 ||    15
  Use: Potion            |     4 |     4 ||     8
 Stab: Distracted        |     1 |       ||     1
       Sleeping          |     2 |     5 ||     7
  Eat: Chunk             |       |     2 ||     2
Armor: Skin              |     3 |     3 ||     6
Dodge: Dodged            |    22 |    57 ||    79
